 Dungeon Crawl Stone Soup version 0.23-b1-59-g586d0d887c (webtiles) character file.

Game seed: 1279641766649126778

1532 1994 the Changer (level 8, -3/80 HPs)
             Began as a Grey Draconian Transmuter on Feb 5, 2019.
             Was an Initiate of Makhleb.
             Slain by a killer bee (8 damage)
             ... on level 7 of the Dungeon.
             The game lasted 00:41:24 (8328 turns).

1994 the Changer (Grey Draconian Transmuter)        Turns: 8328, Time: 00:41:24

Health: -3/80      AC:  5    Str: 12    XL:     8   Next: 55%
Magic:  15/15      EV: 12    Int: 14    God:    Makhleb [......]
Gold:   329        SH:  0    Dex: 14    Spells: 2/17 levels left

rFire    x . .     SeeInvis .     - Unarmed
rCold    + + +     Gourm    .   (shield currently unavailable)
rNeg     . . .     Faith    .   (armour unavailable)
rPois    +         Spirit   .   (helmet currently unavailable)
rElec    .         Reflect  .   (cloak currently unavailable)
rCorr    .         Harm     .   (gloves currently unavailable)
MR       .....                  (boots currently unavailable)
Stlth    ++........             q - amulet of magic regeneration
HPRegen  0.23/turn              w - ring of protection from cold
MPRegen  0.39/turn              (no ring)

@: ice-form, starving
A: large, (walk through water), unfitting armour, AC +11
a: End Transformation, Renounce Religion


You were on level 7 of the Dungeon.
You worshipped Makhleb.
Makhleb was noncommittal.
You were starving.
You were a creature of crystalline ice.
You visited 2 branches of the dungeon, and saw 8 of its levels.

You collected 329 gold pieces.

Inventory:

Missiles
 a - 75 arrows
Armour
 g - a +2 pair of gloves (melded)
Jewellery
 q - an amulet of magic regeneration (around neck)
 w - a ring of protection from cold (left front paw)
Wands
 k - a wand of polymorph (9)
 v - a wand of flame (21)
Scrolls
 e - 3 scrolls of remove curse
 f - a scroll of magic mapping
 i - a scroll of amnesia {unknown}
 j - a scroll of fear {unknown}
 l - a scroll of enchant weapon {unknown}
 o - a scroll of teleportation {unknown}
 p - 2 scrolls of blinking {unknown}
 s - 2 scrolls of identify
 u - a scroll of random uselessness {unknown}
 x - a scroll of immolation {unknown}
 y - a scroll of fog {unknown}
Potions
 b - 2 potions of flight
 d - a potion of curing
 h - a potion of mutation {unknown}
 m - a potion of agility {unknown}
 n - a potion of lignification {unknown}
 r - a potion of haste {unknown}
 t - a potion of heal wounds {unknown}
Comestibles
 c - 11 rations


   Skills:
 + Level 4.3 Fighting
 * Level 4.0 Dodging
 - Level 2.5 Stealth
 + Level 5.0 Unarmed Combat
 * Level 5.2 Spellcasting
 * Level 5.5 Transmutations
 + Level 0.7 Ice Magic
 + Level 0.7 Invocations


You had 2 spell levels left.
You knew the following spells:

 Your Spells              Type           Power        Failure   Level  Hunger
a - Beastly Appendage     Tmut           ###...       1%          1    None
b - Sticks to Snakes      Tmut           ###.....     2%          2    ##.....
c - Spider Form           Tmut/Pois      ##........   17%         3    ###....
d - Ice Form              Ice/Tmut       ##......     43%         4    ####...
e - Blade Hands           Tmut           ###.......   45%         5    ######.

Your spell library contained the following spells:

 Spells                   Type           Power        Failure   Level  Hunger
 Freeze                   Ice            #...         12%         1    None
 Throw Frost              Conj/Ice       #.....       22%         2    ##.....
 Ozocubu's Armour         Chrm/Ice       #.......     41%         3    ###....
 Summon Ice Beast         Ice/Summ       #.......     82%         4    ####...
 Throw Icicle             Conj/Ice       #.......     82%         4    ####...


Dungeon Overview and Level Annotations

Branches:
Dungeon (7/15)             Temple (1/1) D:7

Altars:
Ashenzari
Cheibriados
Dithmenos
Elyvilon
Gozag
Hepliaklqana
Makhleb
Nemelex Xobeh
Okawaru
Qazlal
Ru
Sif Muna
Trog
Vehumet
Yredelemnul
Zin
The Shining One

Shops:
D:5 *


Innate Abilities, Weirdness & Mutations

((You can walk through water.))
((Your dull iron-grey scales are very hard. (AC +11)))
You cannot fit into any form of body armour.
((You can survive without breathing.))
((You are cold-blooded and may be slowed by cold attacks.))


Message History

The killer bee stings you.
* * * LOW HITPOINT WARNING * * *
You barely miss the killer bee.
The killer bee is moderately wounded.
The killer bee stings you.
* * * LOW HITPOINT WARNING * * *
The killer bee barely misses you.
You barely miss the killer bee.
The killer bee is moderately wounded.
The killer bee closely misses you. The killer bee stings you.
* * * LOW HITPOINT WARNING * * *
You barely miss the killer bee.
The killer bee is moderately wounded.
The killer bee completely misses you.
You closely miss the killer bee.
The killer bee is moderately wounded.
The killer bee stings you.
* * * LOW HITPOINT WARNING * * *
The killer bee stings you!
You die...

.##.###########
.....yyY......+
.##.#y##.######
# #.####.#
#......#
######.# #.#
#.# #.#####
#.....#


You could see 3 killer bees.

Vanquished Creatures
  2 ice beasts (D:5)
  3 ogres
  3 scorpions
  3 killer bees (D:7)
  6 electric eels (D:6)
  A crimson imp (D:7)
  An orc wizard (D:3)
  A hound (D:5)
  2 orc priests
  4 bullfrog skeletons
  A centaur skeleton (D:4)
  2 worker ants
  4 gnolls
  8 adders
  A shadow imp (D:5)
  2 oozes
  3 worms
  An adder skeleton (D:4)
  3 dart slugs
  3 leopard geckos
  11 orcs
  6 giant cockroaches
  10 goblins
  9 hobgoblins
  14 jackals
  7 kobolds
  A quokka (D:4)
  2 ball pythons
  13 bats
  A frilled lizard (D:1)
  A leopard gecko skeleton (D:4)
  A quokka skeleton (D:5)
  10 rats
140 creatures vanquished.

Notes
Turn   | Place    | Note
-------+----------+-------------------------------------------
     0 | D:1      | 1994 the Draconian Transmuter began the quest for the Orb.
     0 | D:1      | Reached XP level 1. HP: 16/16 MP: 3/3
   375 | D:1      | Reached XP level 2. HP: 22/23 MP: 3/5
   396 | D:1      | Learned a level 2 spell: Sticks to Snakes
   858 | D:1      | Reached XP level 3. HP: 26/28 MP: 6/6
  1329 | D:1      | Learned a level 3 spell: Spider Form
  1419 | D:2      | Reached skill level 1 in Stealth
  1894 | D:2      | Reached XP level 4. HP: 29/36 MP: 7/7
  1985 | D:2      | Found a deep blue altar of Sif Muna.
  2734 | D:3      | Found a snail-covered altar of Cheibriados.
  2878 | D:2      | Reached XP level 5. HP: 19/41 MP: 9/9
  3489 | D:2      | Learned a level 4 spell: Ice Form
  3506 | D:3      | Found a shadowy altar of Dithmenos.
  4158 | D:4      | Reached XP level 6. HP: 44/50 MP: 8/10
  4636 | D:4      | Your scales start taking on a dull iron-grey colour.
  4636 | D:4      | Reached XP level 7. HP: 28/57 MP: 12/12
  4636 | D:4      | Gained mutation: You can survive without breathing. [Grey
                  | Draconian growth]
  5050 | D:4      | Found a sacrificial altar of Ru.
  5274 | D:5      | Entered Level 5 of the Dungeon
  5424 | D:5      | Found Curcheiwul's Lightly-Used Armoury.
  5809 | D:5      | Paralysed by fainting for 5 turns
  5840 | D:5      | Paralysed by fainting for 9 turns
  6141 | D:5      | Found a stormy altar of Qazlal.
  6141 | D:5      | Found a basalt altar of Yredelemnul.
  6146 | D:5      | Found a hazy altar of Hepliaklqana.
  6188 | D:5      | Learned a level 5 spell: Blade Hands
  6440 | D:6      | Reached XP level 8. HP: 66/66 MP: 13/15
  6540 | D:6      | Reached skill level 5 in Transmutations
  7693 | D:6      | Reached skill level 5 in Spellcasting
  8026 | D:7      | Found a staircase to the Ecumenical Temple.
  8035 | Temple   | Entered the Ecumenical Temple
  8101 | Temple   | Became a worshipper of Makhleb the Destroyer
  8271 | D:7      | Reached skill level 5 in Unarmed Combat
  8328 | D:7      | Slain by a killer bee

Skill      XL: |  1  2  3  4  5  6  7  8 |
---------------+-------------------------+-----
Dodging        | 2 3 4 |  4.0
Stealth        | 1 2 |  2.5
Fighting       | 2 3 4 |  4.3
Spellcasting   | 3 4 5 |  5.2
Transmutations | 3 4 5 |  5.5
Unarmed Combat | 4 5 |  5.0
Ice Magic      | |  0.7
Invocations    | |  0.7

Action                   |  1- 3 |  4- 6 |  7- 9 || total
-------------------------+-------+-------+-------++-------
Melee: Unarmed           |   188 |   208 |   274 ||   670
       Headbutt          |     5 |     8 |     4 ||    17
       Tailslap          |    17 |    14 |    17 ||    48
       Kick              |     6 |    14 |    20 ||    40
       Punch             |     1 |     3 |     6 ||    10
 Cast: Beastly Appendage |    25 |    17 |    16 ||    58
       Spider Form       |     1 |     6 |     7 ||    14
       Ice Form          |       |       |     1 ||     1
  Use: Scroll            |       |     1 |     3 ||     4
       Potion            |       |       |     1 ||     1
 Stab: Sleeping          |     4 |     3 |       ||     7
  Eat: Chunk             |     4 |    10 |     7 ||    21
       Ration            |       |       |     1 ||     1
Armor: Skin              |    78 |    64 |    85 ||   227
Dodge: Dodged            |   111 |   125 |   165 ||   401
